 Dungeon Crawl Stone Soup version 0.31-a0-180-g519b7de00c (webtiles) character file.

Game seed: 394297898971918445

36 qw the Chopper (level 3, 0/23 HPs)
             Began as a Gargoyle Fighter on June 19, 2023.
             Slain by Sigmund
             ... wielding a +0 scythe
              (9 damage)
             ... on level 2 of the Dungeon.
             The game lasted 00:00:30 (1352 turns).

qw the Chopper (Gargoyle Fighter)                   Turns: 1352, Time: 00:00:30

Health: 0/23       AC: 13    Str: 21    XL:     3   Next: 37%
Magic:  3/3        EV:  7    Int:  8    God:
Gold:   46         SH:  4    Dex:  9    Spells: 2/2 levels left

rFire   . . .        Y - +0 war axe
rCold   . . .        c - +0 buckler
rNeg    + . .        f - +0 chain mail
rPois   inf          (no helmet)
rElec   +            e - +0 cloak
rCorr   .            (no gloves)
SInv    .            (no boots)
Will    .....        (no amulet) Stlth
                     (no ring)
HPRegen 0.23/turn    (no ring)
MPRegen 0.08/turn

%: no passive effects
@: no status effects
A: sickness immunity, AC +3, negative energy resistance 1, electricity
resistance, torment resistance 1, petrification resistance
a: no special abilities


You were on level 2 of the Dungeon.
You visited 1 branch of the dungeon, and saw 2 of its levels.

You collected 46 gold pieces.


Innate Abilities, Weirdness & Mutations

You are immune to sickness and miasma.
Your stone body is resilient. (AC +3)
You are immune to poison.
You resist negative energy. (rN+)
You are resistant to electric shocks. (rElec)
You are resistant to unholy torment.
You are immune to petrification.


   Skills:
 - Level 3.2 Fighting
 + Level 3.3 Axes
 - Level 3.2 Armour
 - Level 3.2 Shields


You had 2 spell levels left.
You didn't know any spells.
Your spell library was empty.

Inventory:

Hand Weapons
 g - a +0 mace
 Y - a +0 war axe (weapon)
Armour
 c - a +0 buckler (worn)
 e - a +0 cloak (worn)
 f - a +0 chain mail (worn)
Potions
 d - a potion of might
 h - a potion of degeneration {unknown}
 k - a potion of berserk rage {unknown}
 l - a potion of resistance {unknown}

Dungeon Overview and Level Annotations

Branches:
Dungeon (2/15)

Altars:

Annotations:
D:2 Sigmund


Message History

Sigmund casts a spell.
Sigmund flickers and vanishes!
Deactivating autopickup; reactivate with Ctrl-A.
You swing at nothing.
Something completely misses you.
You swing at nothing.
Something hits you!
You swing at nothing.
Something hits you but does no damage.
You swing at nothing.
Something hits you but does no damage.
You swing at nothing.
You hear some strange, mumbled words.
Something tries to affect you, but you resist.
You swing at nothing.
Something hits you.
You swing at nothing.
You block something's attack.
You swing at nothing.
You hear some strange, mumbled words.
You are confused.
You're too confused to move!
Something completely misses you.
You bump into the rock wall.
Something hits you but does no damage. Something hits you.
You feel less confused.
You swing at nothing.
Something completely misses you.
You swing at nothing.
Something hits you!
You swing at nothing.
Something hits you but does no damage.
You swing at nothing.
Something hits you but does no damage.
You swing at nothing.
Something hits you but does no damage.
You swing at nothing.
Something hits you!
You die...

#............)>....
#.#####[###.##...##
#.#.....#.#.##.#..#
#.#.#####.#.##.##..
#.#.......#.##.# ##
#.#######.#.##.#
#{# #.#.##.#
#.#######.#.##.#
#.@.......# #%###
########### #...##
###... #### #


There were no monsters in sight!

Vanquished Creatures
  An adder (D:2)
  6 bats (D:1)
  3 endoplasms (D:1)
  3 goblins
  A hobgoblin (D:1)
  A quokka (D:1)
  3 ball pythons (D:1)
  A frilled lizard (D:2)
  3 kobolds (D:1)
  5 rats (D:1)
27 creatures vanquished.

Notes
Turn   | Place    | Note
-------+----------+-------------------------------------------
     0 | D:1      | qw the Gargoyle Fighter began the quest for the Orb.
     0 | D:1      | Reached XP level 1. HP: 14/14 MP: 1/1
     0 | D:1      | 0 ||| qw: Version: 0.3-a-7-ge0c9b40
     0 | D:1      | 0 ||| qw: Game counter: 1015
     0 | D:1      | 0 ||| qw: Always use a shield: true
     0 | D:1      | 0 ||| qw: God list: Okawaru
     0 | D:1      | 0 ||| qw: Allow faded altars: false
     0 | D:1      | 0 ||| qw: Do Orc after D:15 true
     0 | D:1      | 0 ||| qw: Do second Lair branch before Depths: true
     0 | D:1      | 0 ||| qw: Lair rune preference: random
     0 | D:1      | 0 ||| qw: Plans: Normal, Zot:1-4, Slime:5, God:TSO, Crypt,
                  | Tomb, Abyss, Pan, Hells, Win
     0 | D:1      | 0 ||| PLANNING D:1-11
    96 | D:1      | 96 ||| Stepping ~*~*~tactically~*~*~ (hiding).
    99 | D:1      | 99 ||| Stepping ~*~*~tactically~*~*~ (hiding).
   202 | D:1      | 202 ||| DROPPING +0 club.
   493 | D:1      | Reached XP level 2. HP: 19/19 MP: 2/2
   691 | D:1      | 691 ||| Stepping ~*~*~tactically~*~*~ (hiding).
   818 | D:1      | Reached skill level 3 in Axes
   864 | D:1      | Reached XP level 3. HP: 23/23 MP: 3/3
  1180 | D:1      | 1180 ||| UPGRADING to +0 cloak.
  1185 | D:1      | 1185 ||| UPGRADING to +0 chain mail.
  1195 | D:1      | 1195 ||| DROPPING +0 scale mail.
  1196 | D:1      | 1196 ||| READING scroll labelled VUITIC TISO.
  1197 | D:1      | 1197 ||| READING scroll labelled PECEQ ISE MECW.
  1332 | D:2      | Noticed Sigmund
  1352 | D:2      | Slain by Sigmund

Levels and vault maps discovered:
D:1:      dpeg_arrival_tiny_a, layout_loops_corners, minmay_unequal
D:2:      layout_basic, uniq_natasha, uniq_sigmund

Skill      XL: |  1  2 |
---------------+-------+-----
Axes           | 2 3 |  3.3
Fighting       | |  3.2
Armour         | |  3.2
Shields        | |  3.2

Action                     || total
---------------------------++-------
  Melee: War axe           ||    64
    Use: Scroll            ||     2
 Armour: Scale mail        ||     7
         Chain mail        ||    23
  Dodge: Dodged            ||    36
  Block: Buckler           ||    14

Table legend:
 A = Non-vault XP
 B = Vault XP
 C = Vault XP percentage of total XP
 D = Non-vault monster count
 E = Vault monster count
 F = Vault count percentage of total count
                 A         B        C        D         E       F
            +---------+---------+-------+---------+---------+-------
      Total |      45 |       7 |  13.5 |      23 |       4 |  14.8
            +---------+---------+-------+---------+---------+-------
        D:1 |      27 |       7 |  20.6 |      19 |       4 |  17.4
        D:2 |      18 |       0 |   0.0 |       4 |       0 |   0.0
            +---------+---------+-------+---------+---------+-------
